 Dungeon Crawl Stone Soup version 0.23.2-11-gf996548c65 (webtiles) character file.

Game seed: 6415614616966810321

399359 Nattfarinn the Conqueror (level 23, -19/240 HPs)
             Began as a Hill Orc Fighter on June 4, 2019.
             Was the Champion of Okawaru.
             Killed from afar by a deep elf high priest (25 damage)
             ... with damnation
             ... on level 3 of the Elven Halls.
             The game lasted 02:36:19 (46317 turns).

Nattfarinn the Conqueror (Hill Orc Fighter)        Turns: 46317, Time: 02:36:21

Health: -19/240    AC: 36    Str: 44    XL:     23   Next: 27%
Magic:  38/38      EV: 17    Int:  6    God:    Okawaru [******]
Gold:   2992       SH: 17    Dex: 21    Spells: 22/22 levels left

rFire    + + .     SeeInvis .   a - +10 hand axe "Fizuewn" {drain, rN+ Str+9}
rCold    + + +     Gourm    .   y - +0 shield {reflect}
rNeg     + + .     Faith    .   J - +7 chain mail of the Furies {Str+7 Int-2}
rPois    +         Spirit   .   I - +0 hat of the City {rC+}
rElec    +         Reflect  +   g - +2 cloak {rPois}
rCorr    +         Harm     .   T - +2 pair of gloves {Dex+3}
MR       +....                  H - +2 pair of boots {run}
Stlth    ..........             P - amulet of regeneration
HPRegen  0.90/turn              h - ring of Esuddinacw {MP+9 Str+6}
MPRegen  0.26/turn              C - ring "Viskaori" {rC+ rN+ Str-3 Dex+4}

@: lethally poisoned (-19 -> -19), resistant, invisible, quick
A: beak, fire resistance 1, sense surroundings 1
}: 2/15 runes: decaying, gossamer
a: Heroism, Finesse, Renounce Religion


You were on level 3 of the Elven Halls.
You worshipped Okawaru.
Okawaru was exalted by your worship.
You were hungry.

You visited 8 branches of the dungeon, and saw 39 of its levels.
You visited the Abyss 3 times.
You also visited: Desolation.

You collected 4847 gold pieces.
You spent 1855 gold pieces at shops.

Inventory:

Hand Weapons
 a - the +10 hand axe "Fizuewn" (weapon) {drain, rN+ Str+9}
   (You found it on level 7 of the Dungeon)

   A truly terrible weapon, it drains the life of those it strikes.
   It affects your strength (+9).
   It protects you from negative energy.
 b - a +6 antimagic demon trident
 k - the +8 arc blade {discharge, rElec}
   (You found it in the Desolation of Salt)

   It insulates you from electricity.
Armour
 g - a +2 cloak of poison resistance (worn)
 y - a +0 shield of reflection (worn)
 H - a +2 pair of boots of running (worn)
 I - the +0 hat of the City (worn) {rC+}
   (Okawaru gifted it to you on level 14 of the Dungeon)

   It protects you from cold.
 J - the +7 chain mail of the Furies (worn) {Str+7 Int-2}
   (Okawaru gifted it to you on level 15 of the Dungeon)

   It affects your strength (+7).
   It affects your intelligence (-2).
 T - a +2 pair of gloves of dexterity (worn)
Jewellery
 d - the ring "Jadu" {rF+ rC+ MR- Int+8 Slay+5}
   (You found it in the Desolation of Salt)

   [ring of protection from cold]

   It affects your intelligence (+8).
   It affects your accuracy and damage with ranged weapons and melee attacks
   (+5).
   It protects you from fire.
   It protects you from cold.
   It affects your resistance to hostile enchantments.
 h - the ring of Esuddinacw (left hand) {MP+9 Str+6}
   (You found it in the Desolation of Salt)

   [ring of magical power]

   It affects your strength (+6).
   It affects your magic capacity (+9).
 t - an uncursed ring of see invisible
 C - the ring "Viskaori" (right hand) {rC+ rN+ Str-3 Dex+4}
   (You found it on level 15 of the Dungeon)

   [ring of protection from cold]

   It affects your strength (-3).
   It affects your dexterity (+4).
   It protects you from cold.
   It protects you from negative energy.
 P - an amulet of regeneration (around neck)
Wands
 l - a wand of polymorph (34)
 m - a wand of acid (16)
 o - a wand of scattershot (5)
 p - a wand of random effects (14)
 z - a wand of enslavement (14)
 L - a wand of disintegration (40)
 Q - a wand of iceblast (15)
 S - a wand of digging (7)
 X - a wand of paralysis (34)
 Z - a wand of flame (67)
Scrolls
 e - 8 scrolls of fog
 j - 23 scrolls of remove curse
 q - 8 scrolls of fear
 r - 6 scrolls of immolation
 B - 2 scrolls of holy word
 D - 2 scrolls of magic mapping
 E - 5 scrolls of vulnerability
 G - a scroll of summoning
 K - 12 scrolls of teleportation
 N - 2 scrolls of torment
 U - a scroll of silence
 Y - a scroll of enchant armour
Potions
 c - 5 potions of agility
 i - 2 potions of invisibility
 n - 7 potions of flight
 s - 3 potions of magic
 u - 6 potions of brilliance
 v - a potion of resistance
 w - 7 potions of haste
 x - 2 potions of ambrosia
 A - 8 potions of cancellation
 F - 9 potions of curing
 O - 2 potions of might
 R - 2 potions of berserk rage
Miscellaneous
 W - a phantom mirror
Comestibles
 f - 62 rations


   Skills:
 O Level 27 Fighting
 - Level 13.5(14.3) Axes
 - Level 6.8(10.2) Polearms
 * Level 24.3 Armour
 - Level 8.1 Dodging
 - Level 15.0 Shields
 - Level 8.3 Invocations


You had 22 spell levels left.
You didn't know any spells.
Your spell library contained the following spells:

 Spells                   Type           Power        Failure   Level  Hunger
 Beastly Appendage        Tmut           #.....       65%         1    ##.....
 Confusing Touch          Hex            #.....       65%         1    ##.....
 Flame Tongue             Conj/Fire      #....        65%         1    ##.....
 Freeze                   Ice            #...         65%         1    ##.....
 Sting                    Conj/Pois      #...         65%         1    ##.....
 Summon Butterflies       Summ           #.......     65%         1    ##.....
 Summon Small Mammal      Summ           #...         65%         1    ##.....
 Call Imp                 Summ           #.......     78%         2    ###....
 Poisonous Vapours        Pois/Air       #.....       78%         2    ###....
 Song of Slaying          Chrm           #.......     78%         2    ###....
 Sticks to Snakes         Tmut           #.......     78%         2    ###....
 Swiftness                Chrm/Air       #.......     78%         2    ###....
 Throw Flame              Conj/Fire      #.....       78%         2    ###....
 Throw Frost              Conj/Ice       #.....       78%         2    ###....
 Call Canine Familiar     Summ           #.......     95%         3    ####...
 Confuse                  Hex            #.......     95%         3    ####...
 Conjure Flame            Conj/Fire      #.......     95%         3    ####...
 Gell's Gravitas          Tloc           #.........   95%         3    ####...
 Ignite Poison            Fire/Tmut/Pois #.......     95%         3    ####...
 Inner Flame              Hex/Fire       #.......     95%         3    ####...
 Mephitic Cloud           Conj/Pois/Air  #.......     95%         3    ####...
 Ozocubu's Armour         Chrm/Ice       #.......     95%         3    ####...
 Recall                   Summ/Tloc      N/A          95%         3    ####...
 Spider Form              Tmut/Pois      #.........   95%         3    ####...
 Summon Guardian Golem    Hex/Summ       #.......     95%         3    ####...
 Ice Form                 Ice/Tmut       #.......     100%        4    #####..
 Olgreb's Toxic Radiance  Pois           #.......     100%        4    #####..
 Petrify                  Tmut/Erth      #.......     100%        4    #####..
 Sticky Flame             Conj/Fire      #.......     100%        4    #####..
 Summon Ice Beast         Ice/Summ       #.......     100%        4    #####..
 Summon Lightning Spire   Summ/Air       #.......     100%        4    #####..
 Throw Icicle             Conj/Ice       #.......     100%        4    #####..
 Alistair's Intoxication  Tmut/Pois      #.......     100%        5    ######.
 Blade Hands              Tmut           #.........   100%        5    ######.
 Fireball                 Conj/Fire      #.........   100%        5    ######.
 Irradiate                Conj/Tmut      #.........   100%        5    ######.
 Metabolic Englaciation   Hex/Ice        #.........   100%        5    ######.
 Summon Mana Viper        Hex/Summ       #.......     100%        5    ######.
 Yara's Violent Unravell  Hex/Tmut       #.........   100%        5    ######.
 Bolt of Fire             Conj/Fire      #.........   100%        6    #######
 Hydra Form               Tmut           #.........   100%        6    #######
 Malign Gateway           Summ/Tloc      #.........   100%        7    #######
 Monstrous Menagerie      Summ           #.........   100%        7    #######
 Ring of Flames           Chrm/Fire      #.........   100%        7    #######
 Spellforged Servitor     Conj/Summ      #.........   100%        7    #######
 Summon Greater Demon     Summ           #.........   100%        7    #######
 Summon Hydra             Summ           #.........   100%        7    #######
 Ignition                 Fire           #.........   100%        8    #######
 Summon Horrible Things   Summ           #.........   100%        8    #######


Dungeon Overview and Level Annotations

Branches:
Dungeon (15/15)            Temple (1/1) D:4            Lair (6/6) D:8
  Swamp (4/4) Lair:2       Spider (4/4) Lair:3        Slime (0/5) Lair:5
    Orc (2/2) D:11            Elf (3/3) Orc:2        Vaults (4/5) D:13
  Crypt (0/3) Vaults:3     Depths (0/5) D:15

Altars:
Cheibriados
Dithmenos
Gozag
Kikubaaqudgha
Nemelex Xobeh
Okawaru
Qazlal
Ru
Trog
Uskayaw
Vehumet
Wu Jian
Xom
Beogh

Shops:
D:12 :[[:%   D:15 [?!   Orc:2 [!:   Elf:1 }=}   Vaults:2 [[*

Annotations:
D:5 1 runed translucent door
D:10 1 runed translucent door
D:14 exclusion: Roxanne, Roxanne
Lair:3 exclusion: 4 oklob plants
Swamp:2 exclusion: 2 oklob plants
Vaults:3 2 runed translucent doors, KamiKatze's ghost, adept GrBe


Innate Abilities, Weirdness & Mutations

You have a beak for a mouth.
Your flesh is heat resistant. (rF+)
You passively map a small area around you.


Message History

The deep elf annihilator mumbles some strange words.
The deep elf annihilator blinks! 3 crawling corpses come into view.
The deep elf high priest calls down the wrath of its god upon you.
The sphere of damnation explodes!
The damnation engulfs you!!
* * * LOW HITPOINT WARNING * * *
The deep elf annihilator points at you and mumbles some strange words.
The bolt of lightning hits you!!
* * * LOW HITPOINT WARNING * * *
Okay, then.
You feel protected.
Two crawling corpses merge to form a small abomination.
You fade into invisibility!
You feel sick.
The deep elf annihilator casts a spell at you.
The crystal spear hits you!
* * * LOW HITPOINT WARNING * * *
The deep elf high priest invokes the aid of its god against you.
The sphere of damnation explodes!
The damnation engulfs you!!
You die...

###.### #.....#
#..(.# ####(####
##...))..##
###...(.....### *
, #.....)..x....#
##).).x§[(.....# *
,##..).@(....e....
,
#.......###......
, #.....(## #.....
, , ,#...e.##
#.... , * ,#.....#
.... , *#.....# *
... , #...... * ,
.. , ,+.(... ** ,
##.... ,


You could see a deep elf annihilator, a deep elf high priest, a small
abomination and a crawling corpse.

Vanquished Creatures
  the Lernaean hydra (Swamp:4)
  Arachne (Spider:4)
  A lich (Vaults:3)
  2 tentacled monstrosities
  Asterion (Spider:2)
  2 deep elf blademasters
  Gastronok (Lair:1)
  Frances (Spider:1)
  2 sphinxes
  A tengu reaver (Vaults:2)
  Donald (Vaults:4)
  5 thorn hunters
  Agnes (D:14)
  A frost giant (Vaults:3)
  2 deep elf sorcerers
  3 emperor scorpions (Spider:4)
  5 ghost moths (Spider:4)
  A fire giant (Vaults:2)
  Aizul (Elf:3)
  10 vault wardens
  2 orc warlords
  An iron dragon (Vaults:3)
  2 imperial myrmidons (Desolation)
  Louise (Spider:1)
  2 deep elf elementalists (Elf:3)
  7 entropy weavers
  7 stone giants
  18 ironheart preservers
  2 vampire knights
  6 deep elf demonologists
  3 halazid warlocks (Desolation)
  4 deep elf annihilators
  Azrael (D:14)
  An eidolon (Vaults:2)
  3 spark wasps
  A deep elf death mage (Elf:2)
  Josephine (D:14)
  An ettin (D:15)
  7 yaktaur captains
  12 ogre magi
  2 crystal guardians
  4 fire dragons
  7 ragged hierophants (Desolation)
  17 vault guards
  7 great orbs of eyes
  An ice dragon (Vaults:2)
  13 hydras
  Erolcha (Orc:2)
  3 rakshasas
  10 peacekeepers (Desolation)
  9 centaur warriors
  A naga warrior (D:15)
  A merfolk avatar (Lair:6)
  A ghost crab (Swamp:4)
  2 death knights
  4 servants of whispers
  30 two-headed ogres
  A catoblepas (Lair:4)
  14 alligators
  A shambling mangrove (Swamp:2)
  3 tengu warriors (D:15)
  5 deep troll shamans
  2 deep troll earth magi
  26 dancing weapons
  2 orc high priests
  10 death yaks
  A vampire mage (Vaults:3)
  Sonja (Orc:2)
  A thrashing horror (Vaults:4)
  27 deep elf knights
  A salamander mystic (D:15)
  2 shadow wraiths
  An unseen horror (shapeshifter) (Vaults:2)
  A spriggan druid (Swamp:1)
  2 sea snakes (Lair:6)
  A deep troll (shapeshifter) (Vaults:2)
  A death drake (Vaults:2)
  2 unseen horrors
  3 glowing orange brains
  2 flayed ghosts (Vaults:4)
  22 deep trolls
  14 ironbrand convokers
  10 swamp dragons (Swamp:4)
  A harpy (shapeshifter) (Vaults:4)
  2 necromancers
  11 deep elf archers
  A wolf spider zombie (D:13)
  10 wizards
  A lindwurm (Lair:6)
  13 orc knights
  10 orc sorcerers
  19 orb spiders
  2 harpies
  A mana viper (Vaults:2)
  A tengu skeleton (Vaults:2)
  6 ugly things
  12 cyclopes
  3 worldbinders
  3 manticores
  70 deep elf magi
  11 elephants
  A moth of wrath (shapeshifter) (Vaults:4)
  20 wolf spiders
  3 moths of wrath
  3 guardian serpents
  3 black mambas
  A black mamba (shapeshifter) (D:14)
  3 smoke demons (Abyss:4)
  2 gargoyles (D:11)
  10 vault sentinels
  5 centaur zombies
  22 spiny frogs
  8 naga magi
  A torpor snail (Spider:3)
  2 molten gargoyles (Desolation)
  A human skeleton (Vaults:2)
  2 rime drakes (Lair:6)
  A komodo dragon (shapeshifter) (Vaults:4)
  25 yaktaurs
  6 komodo dragons
  12 demonic crawlers
  5 freezing wraiths
  2 kobold demonologists (D:15)
  An efreet (D:13)
  A yaktaur skeleton (Vaults:2)
  An ancient zyme (Abyss:4)
  A tengu conjurer (D:15)
  4 red devils (Elf:2)
  9 tyrant leeches
  12 trolls
  20 jumping spiders
  26 hornets
  A wolf spider simulacrum (D:14)
  19 blink frogs
  10 dream sheep (Lair:6)
  3 raiju (Abyss:4)
  A wind drake (Lair:6)
  11 bog bodies
  51 saltlings
  Grinder (D:3)
  2 polar bears (Lair:6)
  A blink frog (shapeshifter) (Vaults:3)
  16 hippogriffs
  22 slime creatures
  4 shadows
  An air elemental (Elf:2)
  61 redbacks
  36 tarantellas
  9 spriggans
  The ghost of Brozuf the Caller, an amateur DESu of Hepliaklqana (D:5)
  7 wraiths
  36 yaks
  A spriggan (shapeshifter) (Vaults:1)
  2 vampires
  3 wyverns
  A hog (Vaults:2)
  2 large abominations (Abyss:4)
  5 fire elementals
  A hog (shapeshifter) (Vaults:4)
  A yak (shapeshifter) (Vaults:1)
  7 basilisks
  4 water elementals
  A basilisk (shapeshifter) (Vaults:3)
  3 hungry ghosts
  17 humans (D:13)
  25 vampire mosquitoes
  6 insubstantial wisps
  A harpy simulacrum (Abyss:4)
  3 nagas (D:15)
  Edmund (D:5)
  17 swamp worms
  7 wargs
  5 acid dragons
  6 hell hounds (D:14)
  A soldier ant (D:11)
  15 water moccasins
  2 soldier ants (shapeshifter)
  A floating eye (shapeshifter) (Vaults:4)
  2 floating eyes (D:15)
  9 porcupines
  44 orc warriors
  16 ice beasts
  16 swamp drakes
  7 sky beasts
  2 black bears (shapeshifter)
  2 eyes of draining
  2 hornet zombies
  6 necrophages
  44 ogres
  8 boggarts
  6 phantoms
  A crocodile (shapeshifter) (Elf:1)
  7 centaurs
  14 wolves
  18 crocodiles
  A big kobold (D:7)
  24 bullfrogs
  An earth elemental (Elf:2)
  A water moccasin zombie (D:9)
  A wyvern zombie (D:13)
  A wyvern skeleton (D:13)
  5 scorpions
  3 small abominations (Abyss:4)
  A vampire bat (Vaults:2)
  15 wights
  8 electric eels
  8 howler monkeys
  6 crimson imps
  A human simulacrum (Vaults:2)
  3 bullfrog zombies
  19 orc priests
  2 centaur skeletons
  42 orc wizards
  A bullfrog skeleton (D:9)
  A gnoll shaman (D:4)
  3 hounds
  7 jellies
  2 iguanas
  9 worker ants
  A hound zombie (D:5)
  A howler monkey zombie (D:5)
  2 worker ant zombies (D:9)
  11 gnolls
  12 adders
  3 river rats
  4 shadow imps
  2 ufetubi (Abyss:4)
  6 oozes
  2 adder zombies (D:6)
  3 worms
  A dart slug (D:4)
  7 leopard geckos
  104 orcs
  5 giant cockroaches
  10 goblins
  12 hobgoblins
  13 jackals
  16 kobolds
  2 quokkas
  2 ball pythons
  11 bats
  5 frilled lizards
  2 leopard gecko skeletons
  A quokka zombie (D:6)
  12 rats
  A bush (Abyss:4)
  3 demonic plants (Abyss:4)
  4 fungi
  2 plants
1844 creatures vanquished.

Vanquished Creatures (others)
  3 deep elf archers (Elf:2)
  A deep elf mage (Elf:2)
  2 tarantellas (Spider:4)
  A swamp worm (Swamp:4)
  A boggart (D:15)
  A bullfrog (Lair:4)
  An orc wizard (Orc:2)
  An orc (Orc:2)
  17 briar patches
  2 bushes (Lair:6)
  A fire vortex (Abyss:4)
  17 fungi
  A lurking horror (Abyss:4)
  21 plants
70 creatures vanquished.

Grand Total: 1914 creatures vanquished

Notes
Turn   | Place    | Note
-------+----------+-------------------------------------------
     0 | D:1      | Nattfarinn the Hill Orc Fighter began the quest for the
                  | Orb.
     0 | D:1      | Reached XP level 1. HP: 19/19 MP: 1/1
    73 | D:1      | Reached XP level 2. HP: 27/27 MP: 2/2
   194 | D:1      | Reached skill level 4 in Fighting
   348 | D:1      | Reached XP level 3. HP: 30/33 MP: 3/3
  1368 | D:2      | Reached XP level 4. HP: 37/41 MP: 4/4
  1393 | D:2      | Found a sacrificial altar of Ru.
  1561 | D:2      | Reached skill level 5 in Fighting
  1565 | D:2      | Reached XP level 5. HP: 24/48 MP: 5/5
  2288 | D:3      | Noticed a +0 dagger
  2288 | D:3      | Noticed a +0 hand axe
  2290 | D:3      | Found a hide-covered altar of Uskayaw.
  2352 | D:3      | Noticed Grinder
  2355 | D:3      | Paralysed by Grinder for 5 turns
  2365 | D:3      | Paralysed by Grinder for 2 turns
  2372 | D:3      | Killed Grinder
  2372 | D:3      | Reached skill level 6 in Fighting
  2372 | D:3      | Reached XP level 6. HP: 21/57 MP: 6/6
  3113 | D:4      | Reached XP level 7. HP: 58/64 MP: 7/7
  3114 | D:4      | You fall through a shaft for 3 floors!
  3279 | D:5      | Entered Level 5 of the Dungeon
  3346 | D:5      | Reached skill level 5 in Armour
  3346 | D:5      | Reached skill level 5 in Shields
  3364 | D:5      | Reached skill level 7 in Fighting
  3420 | D:4      | Found a shadowy altar of Dithmenos.
  3669 | D:4      | Found a staircase to the Ecumenical Temple.
  3854 | Temple   | Entered the Ecumenical Temple
  3896 | Temple   | Became a worshipper of Warmaster Okawaru
  3970 | D:4      | Reached XP level 8. HP: 61/73 MP: 8/8
  4333 | D:4      | Reached skill level 5 in Polearms
  4387 | D:4      | Reached skill level 8 in Fighting
  4427 | D:4      | Found a sparkling altar of Nemelex Xobeh.
  4672 | D:5      | Found a runed translucent door.
  4673 | D:5      | Noticed Brozuf's ghost (amateur DESu)
  4698 | D:5      | Killed Brozuf's ghost
  4698 | D:5      | Reached * piety under Okawaru
  5033 | D:5      | Found a runed translucent door.
  5510 | D:5      | Reached skill level 9 in Fighting
  5734 | D:5      | Found an ornate altar of the Wu Jian Council.
  5808 | D:6      | Reached XP level 9. HP: 62/83 MP: 9/9
  5896 | D:6      | Reached ** piety under Okawaru
  6116 | D:6      | Noticed Edmund
  6368 | D:5      | Killed Edmund
  6971 | D:6      | Reached skill level 10 in Fighting
  7217 | D:6      | Found a shimmering altar of Xom.
  7250 | D:6      | Found an ancient bone altar of Kikubaaqudgha.
  7535 | D:7      | Paralysed by a wight for 3 turns
  7618 | D:7      | Reached *** piety under Okawaru
  7895 | D:7      | Got a slimy hand axe
  7896 | D:7      | Identified the +10 hand axe "Fizuewn" {drain, rN+ Str+9}
                  | (You found it on level 7 of the Dungeon)
  8058 | D:7      | Reached skill level 1 in Axes
  8218 | D:8      | Found a shadowy altar of Dithmenos.
  8279 | D:8      | Reached XP level 10. HP: 86/94 MP: 10/10
  8457 | D:8      | Found a staircase to the Lair.
  8457 | D:8      | Noticed an elephant
  8472 | D:8      | Killed an elephant
  8472 | D:8      | Reached skill level 11 in Fighting
  8475 | D:8      | Reached skill level 5 in Axes
  8487 | D:8      | Reached **** piety under Okawaru
  9259 | D:9      | Reached ***** piety under Okawaru
  9318 | D:9      | Reached XP level 11. HP: 95/103 MP: 11/11
  9552 | D:9      | Noticed a two-headed ogre
  9559 | D:9      | Killed a two-headed ogre
  9559 | D:9      | Received a gift from Okawaru
  9756 | D:10     | Entered Level 10 of the Dungeon
  9855 | D:10     | Found a runed translucent door.
  9867 | D:10     | Noticed a two-headed ogre
  9899 | D:10     | Reached skill level 12 in Fighting
  9956 | D:10     | Paralysed by a hornet for 3 turns
 10071 | D:10     | Reached skill level 10 in Axes
 10581 | D:11     | Killed an unseen horror
 10593 | D:11     | Identified the +4 spear of Conversion {pierce, Str+2 Int-3
                  | Stlth+}
 10684 | D:11     | Found a frozen archway.
 10708 | D:11     | Noticed a brown ugly thing
 10732 | D:11     | Killed a brown ugly thing
 11143 | D:11     | Reached skill level 13 in Fighting
 11151 | D:11     | Noticed a five-headed hydra
 11193 | D:11     | Killed a five-headed hydra
 11193 | D:11     | Reached XP level 12. HP: 63/115 MP: 12/12
 11377 | D:11     | Found a staircase to the Orcish Mines.
 11413 | D:11     | Found a stormy altar of Qazlal.
 11676 | D:11     | Received a gift from Okawaru
 12228 | D:12     | Found Wautusho's Food Shop.
 12264 | D:12     | Got an ichor-stained plate armour
 12275 | D:12     | Identified the +3 plate armour "Inkusai" {rF+} (You found
                  | it on level 12 of the Dungeon)
 12335 | D:12     | Found Cyadworchila's Book Emporium.
 12338 | D:12     | Reached skill level 14 in Fighting
 12341 | D:12     | Found Vaoxyt Kafi's Antique Armour Boutique.
 12396 | D:12     | Bought a runed cloak for 255 gold pieces
 12440 | D:12     | Found Quddoful's Antique Armour Shop.
 12454 | D:12     | Noticed a two-headed ogre
 12461 | D:12     | Killed a two-headed ogre
 12551 | D:12     | Found Ifoecis's Book Shoppe.
 12858 | D:13     | Noticed a two-headed ogre
 12875 | D:13     | Killed a two-headed ogre
 12908 | D:13     | Noticed an eight-headed hydra
 12917 | D:13     | Killed an eight-headed hydra
 13172 | D:13     | Reached skill level 15 in Fighting
 13398 | D:13     | Reached XP level 13. HP: 126/126 MP: 13/13
 13401 | D:13     | Received a gift from Okawaru
 13431 | D:13     | Reached skill level 10 in Shields
 13468 | D:13     | Reached skill level 10 in Armour
 13499 | D:13     | Found a gate to the Vaults.
 13499 | D:13     | Noticed a vault guard
 13499 | D:13     | Noticed a vault guard
 13499 | D:13     | Noticed a vault guard
 13518 | D:13     | Killed a vault guard
 13533 | D:13     | Reached ****** piety under Okawaru
 13534 | D:13     | Killed a vault guard
 13538 | D:13     | Killed a vault guard
 13538 | D:13     | Reached skill level 16 in Fighting
 13631 | D:13     | Identified a +0 pair of boots of running (Okawaru gifted it
                  | to you on level 13 of the Dungeon)
 13676 | D:14     | Noticed Azrael
 13721 | D:14     | Killed Azrael
 14075 | D:14     | Noticed Josephine
 14094 | D:14     | Killed Josephine
 14228 | D:14     | Found a snail-covered altar of Cheibriados.
 14295 | D:14     | Noticed Agnes
 14308 | D:14     | Killed Agnes
 14326 | D:14     | Noticed Roxanne
 14374 | D:14     | Received a gift from Okawaru
 14438 | D:14     | Reached skill level 17 in Fighting
 14443 | D:14     | Got a pitted hat {god gift}
 14454 | D:14     | Identified the +0 hat of the City {rC+} (Okawaru gifted it
                  | to you on level 14 of the Dungeon)
 14797 | D:15     | Entered Level 15 of the Dungeon
 14824 | D:15     | Noticed a great orb of eyes
 14825 | D:15     | Noticed a vault guard
 14833 | D:15     | Killed a great orb of eyes
 14833 | D:15     | Reached XP level 14. HP: 122/140 MP: 14/14
 14930 | D:15     | Found Fyuris's Magic Scroll Boutique.
 15010 | D:15     | Paralysed by a floating eye for 4 turns
 15256 | D:15     | Found Guiliex's Antique Armour Boutique.
 15718 | D:15     | Received a gift from Okawaru
 15766 | D:15     | Reached skill level 18 in Fighting
 15874 | D:15     | Got a brightly glowing golden ring
 15876 | D:15     | Identified the ring "Viskaori" {rC+ rN+ Str-3 Dex+4} (You
                  | found it on level 15 of the Dungeon)
 15883 | D:15     | Found a staircase to the Depths.
 16279 | D:15     | Received a gift from Okawaru
 16293 | D:15     | Got a slimy chain mail {god gift}
 16305 | D:15     | Identified the +7 chain mail of the Furies {Str+7 Int-2}
                  | (Okawaru gifted it to you on level 15 of the Dungeon)
 16324 | D:15     | Gained mutation: You are clumsy. (Dex -2) [potion of
                  | mutation]
 16324 | D:15     | Lost mutation: You are clumsy. (Dex -2) [potion of
                  | mutation]
 16325 | D:15     | Gained mutation: You expend magic power (3 MP) to
                  | strengthen your wands. [potion of mutation]
 16325 | D:15     | Gained mutation: Your flesh is heat resistant. (rF+)
                  | [potion of mutation]
 16355 | D:15     | Got a crude glass ring
 16526 | D:15     | Identified the cursed ring "Wyotung" {Str-3 Dex+5} (You
                  | found it on level 15 of the Dungeon)
 16535 | D:15     | Got a serpentine pewter ring
 16537 | D:15     | Identified the ring "Jityozih" {rC+ MP+9 Str+4 Slay-6
                  | Stlth+} (You found it on level 15 of the Dungeon)
 16609 | D:15     | Reached XP level 15. HP: 112/151 MP: 15/15
 16647 | D:15     | Found Witelouj's Distillery.
 16659 | D:15     | Bought a potion of heal wounds for 65 gold pieces
 16659 | D:15     | Bought a potion of heal wounds for 65 gold pieces
 16659 | D:15     | Bought a potion of heal wounds for 65 gold pieces
 16795 | Orc:1    | Entered Level 1 of the Orcish Mines
 16801 | Orc:1    | Found a bloodstained altar of Trog.
 16967 | Orc:1    | Noticed an orc warlord
 16988 | Orc:1    | Reached skill level 19 in Fighting
 17004 | Orc:1    | Killed an orc warlord
 17245 | Orc:1    | Received a gift from Okawaru
 17480 | Orc:2    | Entered Level 2 of the Orcish Mines
 17598 | Orc:2    | Found a staircase to the Elven Halls.
 17733 | Orc:2    | Noticed Erolcha
 17737 | Orc:2    | Found a roughly hewn altar of Beogh.
 17741 | Orc:2    | Killed Erolcha
 17954 | Orc:2    | Paralysed by an orc sorcerer for 5 turns
 18023 | Orc:2    | Found Felevvedgh's Book Shop.
 18043 | Orc:2    | Found an ancient bone altar of Kikubaaqudgha.
 18055 | Orc:2    | Paralysed by an orc sorcerer for 6 turns
 18056 | Orc:2    | Noticed Sonja
 18077 | Orc:2    | Killed Sonja
 18106 | Orc:2    | Found Ifenah's Distillery.
 18116 | Orc:2    | Found a radiant altar of Vehumet.
 18156 | Orc:2    | Found a roughly hewn altar of Beogh.
 18156 | Orc:2    | Found Gacsep's Antique Armour Shop.
 18163 | Orc:2    | Found Xaymui's Antique Armour Boutique.
 18167 | Orc:2    | Bought a pair of jewelled gloves for 285 gold pieces
 18194 | Orc:2    | Identified the cursed +0 pair of gloves of the Tarantula
                  | {rElec rN+ Dex-5} (You bought it in a shop on level 2 of
                  | the Orcish Mines)
 18404 | Lair:1   | Entered Level 1 of the Lair of Beasts
 18495 | Lair:1   | Noticed Gastronok
 18508 | Lair:1   | Killed Gastronok
 19345 | Lair:2   | You fall through a shaft for 2 floors!
 19365 | Lair:4   | Received a gift from Okawaru
 19392 | Lair:4   | Reached skill level 20 in Fighting
 19690 | Lair:2   | You fall through a shaft!
 19743 | Lair:3   | Found a hole to the Spider Nest.
 19912 | Lair:2   | Found a staircase to the Swamp.
 20844 | Lair:3   | Reached XP level 16. HP: 134/163 MP: 16/16
 21731 | Lair:5   | Found a staircase to the Slime Pits.
 22368 | Lair:6   | Entered Level 6 of the Lair of Beasts
 22454 | Lair:6   | Received a gift from Okawaru
 22789 | Lair:6   | Reached skill level 21 in Fighting
 23750 | Swamp:1  | Entered Level 1 of the Swamp
 24779 | Swamp:2  | Received a gift from Okawaru
 25023 | Swamp:2  | Reached XP level 17. HP: 176/176 MP: 17/17
 25487 | Swamp:2  | Reached skill level 15 in Armour
 25487 | Swamp:2  | Reached skill level 15 in Shields
 26078 | Swamp:3  | Reached skill level 22 in Fighting
 27018 | Swamp:4  | Entered Level 4 of the Swamp
 27743 | Swamp:4  | Received a gift from Okawaru
 27744 | Swamp:4  | Got a twisted cloak {god gift}
 27778 | Swamp:4  | Noticed the 27-headed Lernaean hydra
 28247 | Swamp:4  | Noticed a tentacled monstrosity
 28272 | Swamp:4  | Killed a tentacled monstrosity
 28272 | Swamp:4  | Reached skill level 23 in Fighting
 28437 | Swamp:4  | Killed the 26-headed Lernaean hydra
 28558 | Swamp:4  | Identified the +1 cloak of Egalitarianism {+Inv Int-3
                  | Stlth+} (Okawaru gifted it to you on level 4 of the Swamp)
 28625 | Swamp:4  | Got a decaying rune of Zot
 29192 | Spider:1 | Entered Level 1 of the Spider Nest
 29204 | Spider:1 | Reached skill level 1 in Invocations
 29390 | Spider:1 | Reached XP level 18. HP: 188/188 MP: 20/20
 29438 | Spider:1 | Noticed Frances
 29452 | Spider:1 | Killed Frances
 29452 | Spider:1 | Reached skill level 5 in Invocations
 29467 | Spider:1 | Noticed Louise
 29487 | Spider:1 | Killed Louise
 30129 | Spider:2 | Noticed Asterion
 30150 | Spider:2 | Killed Asterion
 30799 | Spider:3 | Received a gift from Okawaru
 31185 | Spider:3 | Paralysed by a hornet for 1 turns
 31377 | Spider:4 | Entered Level 4 of the Spider Nest
 31943 | Spider:4 | Reached skill level 24 in Fighting
 32362 | Spider:4 | Got a gossamer rune of Zot
 32394 | Spider:4 | Received a gift from Okawaru
 32401 | Spider:4 | Reached XP level 19. HP: 199/199 MP: 1/25
 32431 | Spider:4 | Noticed Arachne
 32454 | Spider:4 | Killed Arachne
 33094 | Vaults:1 | Entered Level 1 of the Vaults
 33156 | Vaults:1 | Identified the +6 flail of an ice cave {crush, Int+3 Dex+3}
                  | (You found it on level 1 of the Vaults)
 33717 | Vaults:1 | Reached skill level 25 in Fighting
 34444 | Vaults:2 | Paralysed by a wizard for 7 turns
 34768 | Spider:4 | Identified the +0 cloak of Goclef {Int+3} (Okawaru gifted
                  | it to you on level 4 of the Spider Nest)
 35018 | Vaults:2 | Received a gift from Okawaru
 35531 | Vaults:2 | Received a gift from Okawaru
 35604 | Vaults:2 | Cast into level 2 of the Abyss (death knight)
 35616 | Vaults:2 | Escaped the Abyss
 35913 | Vaults:2 | Reached XP level 20. HP: 188/212 MP: 26/26
 35938 | Vaults:2 | Paralysed by a sphinx for 2 turns
 36163 | Vaults:2 | Reached skill level 26 in Fighting
 36327 | Vaults:2 | Identified Kawkit's Grimoire of Calling
 36481 | Vaults:2 | Received a gift from Okawaru
 36977 | Vaults:2 | Found Qehoxin's Antique Armour Boutique.
 36977 | Vaults:2 | Found Feimm's General Store.
 36977 | Vaults:2 | Found Goluaw's Antique Armour Boutique.
 37007 | Vaults:2 | Bought a smoking plate armour for 1120 gold pieces
 37045 | Vaults:2 | Identified the cursed +1 plate armour "Oryu" {rC+ rN+
                  | Slay+3 SInv} (You bought it in a shop on level 2 of the
                  | Vaults)
 37250 | Vaults:2 | Identified Zegot's Almanac of Transmigration
 37563 | Vaults:2 | Identified the Tome of Envenoming
 37882 | Vaults:3 | Reached skill level 27 in Fighting
 38025 | Vaults:3 | Paralysed by a vampire knight for 2 turns
 38030 | Vaults:3 | Paralysed by a vampire knight for 7 turns
 38273 | Vaults:3 | Received a gift from Okawaru
 38370 | Vaults:3 | Reached skill level 1 in Dodging
 38396 | Vaults:3 | Reached XP level 21. HP: 196/221 MP: 27/27
 38791 | Vaults:3 | Found a large runed translucent door.
 38791 | Vaults:3 | Found a large runed translucent door.
 38792 | Vaults:3 | Noticed KamiKatze's ghost (adept GrBe)
 38983 | Vaults:3 | Found a staircase to the Crypt.
 39194 | Vaults:3 | Reached skill level 5 in Dodging
 39675 | Vaults:4 | Paralysed by a floating eye for 3 turns
 39824 | Vaults:3 | Received a gift from Okawaru
 39824 | Vaults:3 | Cast into level 4 of the Abyss (a lich)
 39832 | Abyss:4  | Gained mutation: You are weak. (Str -2) [a cacodemon]
 39838 | Abyss:4  | Gained mutation: You occasionally shout uncontrollably at
                  | your foes. [a cacodemon]
 39891 | Abyss:4  | Lost mutation: You are weak. (Str -2) [potion of mutation]
 39891 | Abyss:4  | Lost mutation: You expend magic power (3 MP) to strengthen
                  | your wands. [potion of mutation]
 39891 | Abyss:4  | Lost mutation: You occasionally shout uncontrollably at
                  | your foes. [potion of mutation]
 39891 | Abyss:4  | Gained mutation: You have a beak for a mouth. [potion of
                  | mutation]
 39891 | Abyss:4  | Gained mutation: You passively map a small area around you.
                  | [potion of mutation]
 40493 | Vaults:3 | Escaped the Abyss
 41120 | Vaults:4 | Paralysed by an ogre mage for 5 turns
 41176 | Vaults:4 | Noticed Donald
 41192 | Vaults:4 | Killed Donald
 41795 | Vaults:4 | Cast into level 3 of the Abyss (a deep elf demonologist)
 41874 | Vaults:4 | Escaped the Abyss
 42093 | Vaults:4 | Reached XP level 22. HP: 233/233 MP: 28/28
 42435 | Elf:1    | Entered Level 1 of the Elven Halls
 42604 | Elf:1    | Found Xasin's Gadget Shop.
 42605 | Elf:1    | Found Tovu's Jewellery Emporium.
 42606 | Elf:1    | Found Ijieduji's Gadget Shop.
 42861 | Elf:1    | Received a gift from Okawaru
 43511 | Elf:2    | Found a ruined gateway.
 43563 | Desolati | Entered the Desolation of Salt
 43736 | Desolati | Found the +8 arc blade {discharge, rElec}
 43745 | Desolati | Received a gift from Okawaru
 43977 | Desolati | Got a clouded platinum ring
 43978 | Desolati | Identified the ring "Jadu" {rF+ rC+ MR- Int+8 Slay+5} (You
                  | found it in the Desolation of Salt)
 43995 | Desolati | Got a steaming glass ring
 44009 | Desolati | Identified the ring of Esuddinacw {MP+9 Str+6} (You found
                  | it in the Desolation of Salt)
 44377 | Desolati | Identified the Collected Works on Conjuration
 44390 | Desolati | Identified the Collected Works on Toxic Enhancements
 44395 | Desolati | Received a gift from Okawaru
 44400 | Desolati | Identified the Tome of the Teacher
 44629 | Desolati | Got a dazzling chain mail
 44640 | Desolati | Identified the +7 chain mail of Forking Paths {Str+2} (You
                  | found it in the Desolation of Salt)
 44914 | Elf:2    | Found a runed translucent gate.
 44914 | Elf:2    | Found a runed translucent gate.
 44915 | Elf:2    | Found a runed translucent gate.
 45384 | Elf:2    | Reached XP level 23. HP: 197/240 MP: 29/29
 45503 | Elf:2    | Received a gift from Okawaru
 45852 | Elf:3    | Entered Level 3 of the Elven Halls
 45939 | Elf:3    | Noticed Aizul
 45954 | Elf:3    | Killed Aizul
 46317 | Elf:3    | HP: 6/240 [deep elf annihilator/crystal spear (13)]
 46317 | Elf:3    | Killed from afar by a deep elf high priest

Skill      XL: |  1  2  3  4  5  6  7  8  9 10 11 12 13 14 15 16 17 18 19 20 21 22 23 |
---------------+----------------------------------------------------------------------+-----
Fighting       | 4 5 6 7 9 10 11 13 15 17 18 20 21 23 24 25 27 | 27.0
Polearms       | 3 4 5 6 |  6.8
Armour         | 4 5 6 7 8 9 11 12 13 14 16 17 18 19 21 23 24 | 24.3
Shields        | 4 5 6 7 8 9 11 12 13 14 15 | 15.0
Axes           | 2 7 12 13 | 13.5
Invocations    | 3 8 |  8.3
Dodging        | 1 8 |  8.1

Action                   |  1- 3 |  4- 6 |  7- 9 | 10-12 | 13-15 | 16-18 | 19-21 | 22-24 || total
-------------------------+-------+-------+-------+-------+-------+-------+-------+-------++-------
Melee: Trident           |   153 |   250 |   625 |       |       |       |       |       ||  1028
       Flail             |       |       |    56 |       |       |       |       |       ||    56
       Hand axe          |       |       |    23 |   552 |  1170 |  1700 |  1760 |   877 ||  6082
       Spear             |       |       |       |   163 |    11 |   130 |       |       ||   304
       Peck              |       |       |       |       |       |       |   138 |   340 ||   478
Throw: Javelin           |       |       |       |     1 |       |     6 |       |       ||     7
Invok: Heroism           |       |       |       |     1 |     3 |     4 |     3 |       ||    11
       Finesse           |       |       |       |       |       |       |     2 |       ||     2
Evoke: Wand              |       |       |     1 |       |       |       |       |       ||     1
  Use: Potion            |       |     1 |     3 |       |     3 |     6 |     9 |     4 ||    26
       Scroll            |       |       |     2 |    15 |    10 |    16 |    12 |     6 ||    61
 Stab: Invisible         |       |       |       |       |       |     4 |       |       ||     4
       Sleeping          |       |       |       |       |       |       |     1 |       ||     1
       Distracted        |       |       |       |       |       |       |       |     1 ||     1
  Eat: Chunk             |     2 |     6 |    14 |    22 |    23 |    24 |    28 |     9 ||   128
       Ration            |       |       |     1 |       |       |     4 |     1 |     1 ||     7
Armor: Scale mail        |    26 |       |       |       |       |       |       |       ||    26
       Plate armour      |    37 |   128 |   333 |   321 |   182 |       |       |       ||  1001
       Skin              |       |       |    24 |       |       |       |       |       ||    24
       Chain mail        |       |       |       |       |   226 |   978 |   591 |   227 ||  2022
Dodge: Dodged            |    20 |    28 |    89 |    96 |   179 |   482 |   409 |   236 ||  1539
Block: Shield            |    66 |   116 |   316 |   325 |   633 |  1459 |  1209 |   486 ||  4610
       Reflection        |       |       |       |       |       |       |     1 |    38 ||    39
